 Dungeon Crawl Stone Soup version 0.27.1-1-g398f81649c (webtiles) character file.

Game seed: 15563038206522278606

10336 Steelgonads the Magician (level 11, 0/81 HPs)
             Began as a Demonspawn Warper on Sept 16, 2021.
             Was a Priest of Makhleb.
             Splashed by an acid dragon's acid (12 damage)
             ... on level 10 of the Dungeon on Sept 17, 2021.
             The game lasted 02:27:47 (13645 turns).

Steelgonads the Magician (Demonspawn Warper)       Turns: 13645, Time: 02:27:47

Health: 0/81       AC:  4    Str: 15    XL:     11   Next: 34%
Magic:  22/22      EV: 12    Int: 14    God:    Makhleb [***...]
Gold:   295        SH:  0    Dex: 13    Spells: 5/25 levels left

rFire    . . .     SeeInvis .   a - +4 dire flail (vorpal)
rCold    . . .     Faith    +   (shield currently unavailable)
rNeg     . . .     Spirit   .   u - +0 troll leather armour
rPois    .         Reflect  .   (helmet restricted)
rElec    .         Harm     .   h - +2 cloak
rCorr    .         Rampage  .   (no gloves)
Will     .....                  (no boots)
Stlth    ++........             x - amulet of faith
HPRegen  1.23/turn              l - ring of flight
MPRegen  0.18/turn              (no ring)

@: corroded, flying
A: claws 1, hooves 2, horns 1, spiny 3
a: Renounce Religion, Minor Destruction, Lesser Servant of Makhleb


You were on level 10 of the Dungeon.
You worshipped Makhleb.
Makhleb was most pleased with you.
You visited 2 branches of the dungeon, and saw 12 of its levels.

You collected 455 gold pieces.
You spent 160 gold pieces at shops.

Inventory:

Hand Weapons
 a - a +4 vorpal dire flail (weapon)
 b - the +3 hunting sling of Juobist {freeze, Will++ Int+2}
   (You found it on level 7 of the Dungeon)

   Any ammunition fired from it freezes those it strikes, dealing additional
   cold damage.
   It can also slow down cold-blooded creatures.
   Int:       It affects your intelligence (+2).
   Will:      It greatly increases your willpower.
 c - a +3 scimitar of flaming
 m - a +2 dagger of venom
 C - a +0 short sword of electrocution
 D - a +0 flail of protection
 F - a +2 dagger of chaos
 K - a +5 battleaxe
 P - a +4 flail of freezing
 Q - a +3 short sword
 S - a +0 morningstar of holy wrath
Missiles
 d - 2 boomerangs of dispersal
 e - 152 stones
 v - 15 poisoned darts (quivered)
 w - 10 boomerangs
 L - 30 sling bullets
Armour
 h - a +2 cloak (worn)
 u - a +0 troll leather armour (worn)
 A - a +0 buckler
 E - the +11 chain mail "Zeohadumm" {Dex+4}
   (You found it on level 7 of the Dungeon)

   Dex:       It affects your dexterity (+4).
 H - a +0 plate armour
 I - a +0 scale mail
 J - a +0 robe of the Archmagi
 M - a +2 leather armour of poison resistance
 O - a +0 helmet
Jewellery
 l - a ring of flight (left claw)
 x - an amulet of faith (around neck)
Wands
 s - a wand of paralysis (4)
 y - a wand of flame (25)
 N - a wand of iceblast (10)
 T - a wand of polymorph (8)
Scrolls
 f - a scroll of silence
 i - a scroll of fog
 p - a scroll of noise
 q - a scroll of fear
 t - 3 scrolls of immolation
 B - a scroll of holy word {unknown}
 R - a scroll of enchant armour
Potions
 g - a potion of cancellation {unknown}
 k - 2 potions of attraction
 n - a potion of brilliance
 o - 3 potions of degeneration
 z - a potion of flight {unknown}
 G - a potion of magic {unknown}


   Skills:
 + Level 5.8 Fighting
 + Level 7.0 Maces & Flails
 + Level 3.9 Polearms
 + Level 3.8(4.2) Slings
 + Level 2.7(3.7) Throwing
 + Level 6.8 Armour
 + Level 3.7 Dodging
 + Level 3.5 Stealth
 + Level 0.1 Shields
 * Level 7.6 Spellcasting
 + Level 3.6 Conjurations
 + Level 4.4 Summonings
 + Level 3.0 Translocations
 + Level 0.2 Air Magic
 + Level 0.1 Invocations
 + Level 1.0 Evocations


You had 5 spell levels left.
You knew the following spells:

 Your Spells              Type           Power      Damage    Failure   Level
a - Blink                 Tloc           N/A        N/A       7%          2
b - Magic Dart            Conj           60%        1d6       3%          1
c - Call Imp              Summ           17%        N/A       4%          2
d - Mephitic Cloud        Conj/Pois/Air  9%         N/A       28%         3
e - Searing Ray           Conj           30%        3d4       5%          2
f - Orb of Destruction    Conj           7%         9d3       100%        7
g - Summon Guardian Gole  Hex/Summ       11%        N/A       19%         3

Your spell library contained the following spells:

 Spells                   Type           Power      Damage    Failure   Level
 Summon Small Mammal      Summ           68%        N/A       2%          1
 Call Canine Familiar     Summ           17%        N/A       8%          3
 Gell's Gravitas          Tloc           6%         N/A       14%         3
 Lesser Beckoning         Tloc           6%         N/A       14%         3
 Teleport Other           Tloc           13%        N/A       14%         3
 Fulminant Prism          Conj/Hex       5%         3d7       58%         4
 Hailstorm                Conj/Ice       10%        3d5       58%         4
 Manifold Assault         Tloc           13%        N/A       77%         5
 Cause Fear               Hex            2%         N/A       83%         4
 Animate Dead             Necr           2%         N/A       85%         4
 Ice Form                 Ice/Tmut       5%         N/A       85%         4
 Borgnjor's Vile Clutch   Necr/Erth      2%         N/A       99%         5
 Death Channel            Necr           2%         N/A       100%        6
 Simulacrum               Ice/Necr       2%         N/A       100%        6
 Dragon Form              Tmut           2%         N/A       100%        7
 Spellforged Servitor     Conj/Summ      8%         N/A       100%        7
 Storm Form               Tmut/Air       2%         N/A       100%        7
 Dragon's Call            Summ           8%         N/A       100%        9


Dungeon Overview and Level Annotations

Branches:
Dungeon (11/15)            Temple (1/1) D:4
   Lair: D:8-11         Orc: D:9-12

Altars:
Ashenzari
Cheibriados
Dithmenos
Elyvilon
Fedhas
Gozag
Hepliaklqana
Kikubaaqudgha
Makhleb
Nemelex Xobeh
Okawaru
Ru
Sif Muna
Trog
Uskayaw
Vehumet
Wu Jian
Xom
Yredelemnul
Zin
The Shining One
Lugonu

Shops:
D:4 *

Annotations:
D:3 1 runed translucent door, Nanban's ghost, weakling DsMo


Innate Abilities, Weirdness & Mutations

You have sharp fingernails.
You have hoof-like feet.
You have a pair of small horns on your head.
You are completely covered in sharp spines.


Message History

The kobold looks even sicker.
An orc comes into view. It is wielding a +0 trident.
Throw: 19 darts (poison)
Press: ? - help, Q - select action, (/) - cycle Shift-Dir - straight line, f/p - kobold
Aim: a kobold, wielding a +0 whip and quivering stones (moderately wounded, very poisoned, 53% to hit)
You throw a poisoned dart. The poisoned dart hits the kobold!
The kobold looks as sick as possible!
The kobold is moderately wounded.
You feel sick.
You are no longer poisoned.
The orc closely misses you.
Throw: 18 darts (poison)
Press: ? - help, Q - select action, (/) - cycle Shift-Dir - straight line, f - orc, p - kobold
Aim: an orc, wielding a +0 trident and wearing a +0 ring mail (64% to hit)
You throw a poisoned dart. The poisoned dart hits the orc.
The orc is poisoned.
You kill the kobold!
Makhleb accepts your kill.
You feel better. The orc misses you.
Throw: 17 darts (poison)
Press: ? - help, Q - select action, (/) - cycle Shift-Dir - straight line, f/p - orc
Aim: an orc, wielding a +0 trident and wearing a +0 ring mail (lightly wounded, poisoned, 64% to hit)
You throw a poisoned dart. The poisoned dart hits the orc.
The orc looks even sicker.
The orc is lightly wounded.
The orc hits you from afar with a +0 trident.
* * * LOW HITPOINT WARNING * * *
As you read the scroll of fear, it crumbles to dust.
You assume a fearsome visage.
The acid dragon looks frightened!
The orc looks frightened!
Throw: 16 darts (poison)
Press: ? - help, Q - select action, (/) - cycle Shift-Dir - straight line, f - acid dragon, p - orc
Aim: an acid dragon (lightly wounded, fleeing, 60% to hit)
You throw a poisoned dart. The poisoned dart hits the acid dragon.
Your attack snaps the acid dragon out of its fear.
The acid dragon is lightly wounded.
The acid dragon spits acid at you. The splash of acid hits you!
* * * LOW HITPOINT WARNING * * *
The acid corrodes you!
You are splashed with acid!
You die...

# . # . # ###
#@# #..)#
.(...(.
..o..(..).(
#.........(..(
#............(
#....(D.......
#.....(.......


You could see an acid dragon (catching breath) and an orc (fleeing, very
poisoned).

Vanquished Creatures
  Harold (D:7)
  2 boulder beetles
  Erica (D:10)
  Joseph (D:8)
  A gargoyle (D:8)
  3 trolls
  13 yaks
  A shadow (D:11)
  Edmund (D:4)
  2 vampire mosquitoes
  An acid dragon (D:10)
  A water moccasin (D:7)
  2 ice beasts (D:5)
  A black bear (D:8)
  A sky beast (D:7)
  An ogre (D:4)
  An orc warrior (D:10)
  A phantom (D:5)
  3 kobold brigands
  4 bullfrogs
  A gnoll sergeant (D:10)
  4 scorpions
  2 water moccasin zombies (D:7)
  2 wyvern skeletons
  A water moccasin skeleton (D:4)
  9 killer bees (D:9)
  8 wights
  3 howler monkeys (D:10)
  4 crimson imps (D:5)
  3 centaur zombies
  2 bullfrog skeletons (D:5)
  6 hounds (D:5)
  A centaur skeleton (D:5)
  8 orc wizards
  An iguana (D:4)
  A killer bee zombie (D:5)
  A howler monkey zombie (D:9)
  4 gnolls (D:4)
  5 adders
  2 white imps
  An ufetubus (D:6)
  A worm (D:2)
  4 dart slugs
  19 orcs
  7 bats
  7 endoplasms
  15 giant cockroaches
  8 goblins
  7 hobgoblins
  7 ball pythons
  2 frilled lizards (D:3)
  11 kobolds
  4 rats
203 creatures vanquished.

Vanquished Creatures (collateral kills)
  A water moccasin (D:6)
  An orc priest (D:6)
  An adder (D:6)
  A white imp (D:7)
  A goblin (D:8)
5 creatures vanquished.

Vanquished Creatures (others)
  A yak (D:9)
  An orc (D:10)
  15 fungi (D:10)
  19 plants
  2 withered plants (D:10)
38 creatures vanquished.

Grand Total: 246 creatures vanquished

Notes
Turn   | Place    | Note
-------+----------+-------------------------------------------
     0 | D:1      | Steelgonads the Demonspawn Warper began the quest for the
                  | Orb.
     0 | D:1      | Reached XP level 1. HP: 16/16 MP: 3/3
    36 | D:1      | Reached skill level 1 in Armour
   324 | D:1      | Gained mutation: You are partially covered in sharp spines.
                  | [demonic ancestry]
   324 | D:1      | Reached XP level 2. HP: 22/22 MP: 5/5
   478 | D:1      | Reached skill level 1 in Throwing
  1501 | D:2      | Learned a level 2 spell: Blink
  1549 | D:2      | Found a shimmering altar of Xom.
  1552 | D:2      | Gained mutation: You have a pair of small horns on your
                  | head. [demonic ancestry]
  1552 | D:2      | Reached XP level 3. HP: 27/27 MP: 6/6
  1627 | D:2      | Learned a level 1 spell: Magic Dart
  1630 | D:2      | Learned a level 2 spell: Call Imp
  1728 | D:2      | Found a faded altar of an unknown god.
  2703 | D:3      | Gained mutation: You are mostly covered in sharp spines.
                  | [demonic ancestry]
  2703 | D:3      | Reached XP level 4. HP: 33/33 MP: 7/7
  2781 | D:3      | Found a blossoming altar of Fedhas.
  2932 | D:3      | Found an ancient bone altar of Kikubaaqudgha.
  3057 | D:3      | You fall into a shaft and drop 2 floors!
  3057 | D:5      | Entered Level 5 of the Dungeon
  3062 | D:5      | Noticed a phantom
  3077 | D:5      | Killed a phantom
  3078 | D:5      | Reached skill level 1 in Conjurations
  3078 | D:5      | Gained mutation: You have large cloven feet. [demonic
                  | ancestry]
  3078 | D:5      | Reached XP level 5. HP: 26/38 MP: 3/9
  3309 | D:4      | Found a staircase to the Ecumenical Temple.
  3316 | Temple   | Entered the Ecumenical Temple
  3370 | Temple   | Became a worshipper of Makhleb the Destroyer
  3441 | D:4      | Reached XP level 6. HP: 13/45 MP: 10/10
  3444 | D:4      | HP: 1/45 [gnoll (6)]
  3454 | D:4      | Reached skill level 1 in Summonings
  3978 | D:4      | Found an ornate altar of the Wu Jian Council.
  4002 | D:4      | Reached XP level 7. HP: 23/51 MP: 12/12
  4244 | D:4      | Found a radiant altar of Vehumet.
  4643 | D:4      | Noticed Edmund
  4660 | D:4      | Killed Edmund
  4819 | D:4      | Found Kikian's Elemental Accessories.
  5004 | D:5      | Reached skill level 1 in Stealth
  5165 | D:5      | Gained mutation: You have sharp fingernails. [demonic
                  | ancestry]
  5165 | D:5      | Reached XP level 8. HP: 58/58 MP: 7/14
  5190 | D:5      | Learned a level 3 spell: Mephitic Cloud
  5193 | D:5      | Learned a level 2 spell: Searing Ray
  5219 | D:5      | Found a shimmering altar of Xom.
  5240 | D:5      | Reached * piety under Makhleb
  5241 | D:5      | Reached skill level 1 in Maces & Flails
  5585 | D:5      | Reached skill level 5 in Spellcasting
  6606 | D:7      | Noticed Harold
  6629 | D:7      | Killed Harold
  6630 | D:7      | Gained mutation: You have hoof-like feet. [demonic
                  | ancestry]
  6630 | D:7      | Reached XP level 9. HP: 28/65 MP: 3/17
  7136 | D:7      | Identified the +3 hunting sling of Juobist {freeze, Will++
                  | Int+2}
  7282 | D:7      | Reached ** piety under Makhleb
  7485 | D:7      | Found a basalt altar of Yredelemnul.
  7644 | D:7      | Identified the +11 chain mail "Zeohadumm" {Dex+4}
  7703 | D:7      | Learned a level 7 spell: Orb of Destruction
  7843 | D:7      | Found an opulent altar of Gozag.
  8029 | D:7      | Reached skill level 1 in Slings
  8205 | D:8      | Found a flagged portal.
  8208 | D:8      | Noticed Joseph
  8693 | D:8      | Killed Joseph
  8888 | D:8      | Noticed a boulder beetle
  8888 | D:8      | Noticed a komodo dragon
  8888 | D:8      | Noticed a two-headed ogre
  9050 | D:8      | Noticed a gargoyle
  9914 | D:8      | Reached skill level 5 in Armour
  9914 | D:8      | Gained mutation: You are completely covered in sharp
                  | spines. [demonic ancestry]
  9914 | D:8      | Reached XP level 10. HP: 71/73 MP: 19/19
 10053 | D:8      | Reached skill level 5 in Maces & Flails
 10114 | D:8      | Found a snail-covered altar of Cheibriados.
 10129 | D:8      | Found a hide-covered altar of Uskayaw.
 10343 | D:4      | Bought a wand of iceblast (12) for 160 gold pieces
 10444 | D:3      | Found a runed translucent door.
 10447 | D:3      | Noticed Nanban's ghost (weakling DsMo)
 10582 | D:3      | Found a broken altar of Ashenzari.
 11907 | D:9      | Reached *** piety under Makhleb
 12057 | D:9      | Reached skill level 5 in Fighting
 12178 | D:9      | You are sucked into a shaft and drop 2 floors!
 12209 | D:11     | Noticed a boulder beetle
 12231 | D:11     | Noticed a cyclops
 12236 | D:11     | Killed a boulder beetle
 12361 | D:10     | Entered Level 10 of the Dungeon
 12412 | D:10     | Noticed Erica
 12422 | D:10     | Killed Erica
 12423 | D:10     | Reached skill level 1 in Evocations
 12506 | D:10     | Noticed a two-headed ogre
 12674 | D:9      | Reached XP level 11. HP: 80/80 MP: 22/22
 12764 | D:9      | Found a sacrificial altar of Ru.
 12764 | D:9      | Noticed a boulder beetle
 12946 | D:9      | HP: 2/80 [boulder beetle (17)]
 13042 | D:9      | Killed a boulder beetle
 13214 | D:9      | Learned a level 3 spell: Summon Guardian Golem
 13602 | D:10     | Identified the +4 dagger of Woe {venom, rF- Str+4 SInv}
 13610 | D:10     | Noticed a two-headed ogre
 13645 | D:10     | Splashed by an acid dragon's acid

Illustrated notes

Levels and vault maps discovered:
D:1:      lightli_arrival_windingriver, layout_basic
D:2:      layout_basic, basic_altar, shapermc_ecumenical_altar_mp_vishouse
D:3:      minmay_roachtagon, layout_loops_ring, fedhas_altar_2,
          kiku_gazebo_pond_becter, ashenzari_conservatory_becter,
          mainiacjoe_overflow_small_starburst, ebering_ghost_reflecting_pool
D:4:      layout_loops_ring, nicolae_vehumet_radiance, kennysheep_little_box,
          minmay_temple_entry_statues_fountains, serial_bayou,
          serial_bayou_pond_d, serial_bayou_ford_a, serial_bayou_pond_e,
          serial_bayou_crossing, nicolae_elemental_shop, abandoned_shop,
          uniq_edmund
D:5:      layout_basic, led_xom_imps
D:6:      layout_rooms
D:7:      layout_basic, nicolae_overflow_hidden_temple, grunt_gozag_statues,
          kennysheep_generic_room_13, uniq_harold
D:8:      layout_gridville, mainiacjoe_overflow_catwalk_spiral, enter_bailey_5,
          hangedman_decor_diamond_cutter, lightli_corner_chamber, uniq_joseph
D:9:      layout_basic, mainiacjoe_overflow_surrounded_room
D:10:     cheibrodos_ideogram_h, layout_small_grid,
          nicolae_qazlal_scattered_showers, grunt_lair_entry_orc_guard_hut,
          david_orc_1_choice, gammafunk_ghost_grave, st_stairs_8, uniq_erica
D:11:     layout_rooms, serial_shops, nicolae_diamond_shop,
          nicolae_shop_behind_doors, shop, shop, minmay_misc_feat_tiny,
          grunt_ministairs_5
Temple:   corrupted_temple

Skill      XL: |  1  2  3  4  5  6  7  8  9 10 11 |
---------------+----------------------------------+-----
Armour         | 1 2 3 4 5 6 |  6.8
Dodging        | 2 3 |  3.7
Throwing       | 1 2 |  2.7
Translocations | 3 |  3.0
Polearms       | 2 3 |  3.9
Conjurations   | 1 2 3 |  3.6
Spellcasting   | 3 4 5 6 7 |  7.6
Summonings     | 1 3 4 |  4.4
Fighting       | 3 4 5 |  5.8
Stealth        | 1 3 |  3.5
Maces & Flails | 3 4 6 7 |  7.0
Slings         | 2 3 |  3.8
Evocations     | 1 |  1.0
Shields        | |  0.1
Air Magic      | |  0.2
Invocations    | |  0.1

Action                   |  1- 3 |  4- 6 |  7- 9 | 10-12 || total
-------------------------+-------+-------+-------+-------++-------
Melee: Spear             |    75 |    42 |       |       ||   117
       Headbutt          |     7 |    11 |    24 |    25 ||    67
       Kick              |       |    12 |    55 |    44 ||   111
       Halberd           |       |    21 |    23 |       ||    44
       Flail             |       |       |    34 |       ||    34
       Dire flail        |       |       |   112 |   147 ||   259
 Fire: Hunting sling     |       |       |    29 |    48 ||    77
Throw: Stone             |    47 |     3 |       |       ||    50
       Dart              |       |       |     2 |    30 ||    32
       Boomerang         |       |       |       |     3 ||     3
       Throwing net      |       |       |       |     1 ||     1
 Cast: Magic Dart        |    25 |       |    45 |    25 ||    95
       Call Imp          |     2 |       |    31 |    13 ||    46
       Searing Ray       |       |       |     6 |     3 ||     9
       Blink             |       |       |       |     2 ||     2
       Mephitic Cloud    |       |       |       |     3 ||     3
       Summon Guardian G |       |       |       |     1 ||     1
Invok: Minor Destruction |       |       |       |     1 ||     1
       Lesser Servant of |       |       |       |     1 ||     1
Evoke: Wand              |       |       |     5 |    16 ||    21
  Use: Scroll            |     3 |       |    10 |    14 ||    27
       Potion            |       |     2 |     2 |     1 ||     5
 Stab: Distracted        |       |       |     1 |       ||     1
       Paralysed         |       |       |       |     8 ||     8
       Confused          |       |       |       |     1 ||     1
Armor: Leather armour    |    12 |       |     5 |       ||    17
       Chain mail        |       |    31 |    15 |    30 ||    76
       Ring mail         |       |       |    58 |       ||    58
       Robe              |       |       |     5 |       ||     5
       Troll leather arm |       |       |       |    34 ||    34
Dodge: Dodged            |    24 |    19 |    73 |    67 ||   183
Block: Buckler           |       |       |     5 |       ||     5
